 Dungeon Crawl Stone Soup version 0.19.1-1-g22dce08 (webtiles) character file.

212 theAP the Skirmisher (level 5, -5/34 HPs)
             Began as a Gargoyle Fighter on Jan 12, 2017.
             Was an Initiate of Ru.
             Slain by an iguana (6 damage)
             ... on level 4 of the Dungeon.
             The game lasted 00:05:11 (2434 turns).

theAP the Skirmisher (Gargoyle Fighter)             Turns: 2434, Time: 00:05:12

Health: -5/34      AC: 12    Str: 26    XL:     5   Next: 90%
Magic:  5/5        EV:  7    Int:  8    God:    Ru [......]
Gold:   183        SH:  9    Dex:  9    Spells: 0 memorised, 4 levels left

rFire  . . .     SeeInvis .     a - +0 flail
rCold  . . .     Gourm    .     b - +0 scale mail
rNeg   + . .     Faith    .     c - +0 shield
rPois  ∞         Spirit   .     (no helmet)
rElec  +         Reflect  .     (no cloak)
rCorr  .         Harm     .     (no gloves)
MR     .....                    i - +0 pair of boots
Stlth  ..........               (no amulet)
                                (no ring)
                                (no ring)

@: mighty
A: negative energy resistance 1, electricity resistance, unbreathing,
petrification resistance, rot immunity, AC +4
a: Renounce Religion


You were on level 4 of the Dungeon.
You worshipped Ru.
Ru was noncommittal.
You were hungry.

You visited 1 branch of the dungeon, and saw 4 of its levels.

You collected 183 gold pieces.

Inventory:

Hand Weapons
 a - a +0 flail (weapon)
Armour
 b - a +0 scale mail (worn)
 c - a +0 shield (worn)
 i - a +0 pair of boots (worn)
Scrolls
 l - a scroll of recharging {unknown}
 m - a scroll of identify {unknown}
 o - 2 scrolls of amnesia {unknown}
 p - 2 scrolls of enchant armour {unknown}
 r - a scroll of fog {unknown}
 t - 2 scrolls of remove curse {unknown}
Potions
 e - a potion of ambrosia {unknown}
 h - a potion of cancellation {unknown}
 j - a potion of heal wounds {unknown}
 k - a potion of degeneration {unknown}
 s - a potion of curing {unknown}
 u - a potion of magic {unknown}
Comestibles
 f - 3 bread rations
 g - 2 fruits
 q - a beef jerky


   Skills:
 + Level 4.9 Fighting
 * Level 4.7 Maces & Flails
 - Level 3.4 Armour
 - Level 0.1 Dodging
 - Level 3.2 Shields


You had 4 spell levels left.
You didn't know any spells.

Dungeon Overview and Level Annotations

Branches:
Dungeon (4/15)
 Temple: D:4-7

Altars:
Ru

Shops:
D:4 *


Innate Abilities, Weirdness & Mutations

You are resistant to torment.
Your stone body is resilient. (AC +4)
You are immune to poison.
You resist negative energy. (rN+)
You are resistant to electric shocks. (rElec)
You can survive without breathing.
You are immune to petrification.
You are immune to rotting.


Message History

You are too injured to fight recklessly!
You are too injured to fight recklessly!
You are too injured to fight recklessly!
You are too injured to fight recklessly!
You sock the hound!
You kill the hound!
You block the gnoll's attack.
You closely miss the gnoll. The gnoll hits you but does no damage.
You closely miss the gnoll. You block the iguana's attack.
The gnoll hits you but does no damage. The iguana bites you.
* * * LOW HITPOINT WARNING * * *
As you read the scroll of teleportation, it crumbles to dust.
You feel strangely unstable. The gnoll hits you with a flail.
* * * LOW HITPOINT WARNING * * *
You block the iguana's attack.
Your surroundings seem slightly different.
The orc hits you with a flail of holy wrath.
* * * LOW HITPOINT WARNING * * *
The iguana bites you.
You die...

..... #..........#
.... #..........#
#..## #......#'#.#
#..†###......#∩#.#
#.#..##......###.#
#.##)##.##..## ###
..#.##.##.##
#.#og..##.#
###.#@#.###.#
#.../lg..##.#
###........##.#
#..........##.#
..#....§...##.#
....###.##.##.#
.### #.# ..# #..
#... ... ...#


You could see an iguana, 2 gnolls and an orc.

Vanquished Creatures
  A hound (D:4)
  An orc wizard (D:4)
  A gnoll (D:4)
  7 adders
  3 worms
  4 dart slugs
  4 leopard geckos
  An orc (D:4)
  A giant cockroach (D:3)
  3 goblins
  4 hobgoblins
  7 jackals
  2 quokkas (D:3)
  2 ball pythons
  7 bats
  4 frilled lizards
  5 kobolds
  9 rats
66 creatures vanquished.

Notes
Turn   | Place    | Note
-------+----------+-------------------------------------------
     0 | D:1      | theAP the Gargoyle Fighter began the quest for the Orb.
     0 | D:1      | Reached XP level 1. HP: 14/14 MP: 1/1
   291 | D:1      | Reached XP level 2. HP: 19/19 MP: 2/2
   626 | D:1      | Reached XP level 3. HP: 24/24 MP: 3/3
   984 | D:2      | Reached XP level 4. HP: 29/29 MP: 4/4
  1002 | D:2      | Found a faded altar of an unknown god.
  1906 | D:3      | Found a sacrificial altar of Ru.
  1941 | D:3      | Reached XP level 5. HP: 34/34 MP: 5/5
  1978 | D:3      | Became a worshipper of Ru the Awakened
  2371 | D:4      | Found Jiysiugh's Assorted Antiques.
  2434 | D:4      | HP: 1/34 [orc/flail of holy wrath (4)]
  2434 | D:4      | Slain by an iguana

Skill      XL: |  1  2  3  4  5 |
---------------+----------------+-----
Maces & Flails | 3 4 |  4.7
Fighting       | 4 |  4.9
Armour         | |  3.4
Dodging        | |  0.1
Shields        | |  3.2

Action                   |  1- 3 |  4- 6 || total
-------------------------+-------+-------++-------
Melee: Flail             |   129 |   183 ||   312
  Use: Scroll            |     1 |     1 ||     2
       Potion            |       |     1 ||     1
  Eat: Chunk             |       |     5 ||     5
Armor: Scale mail        |    90 |   145 ||   235
Dodge: Dodged            |    53 |    66 ||   119
Block: Shield            |    80 |    94 ||   174
